 Dungeon Crawl Stone Soup version 0.20-a0-1089-g3fde505 (webtiles) character file.

49 M4edhros the Poker (level 4, -4/22 HPs)
             Began as a Kobold Chaos Knight on May 4, 2017.
             Slain by a black mamba zombie (6 damage)
             ... on level 2 of the Abyss.
             The game lasted 00:01:52 (4025 turns).

M4edhros the Poker (Kobold Chaos Knight)            Turns: 4025, Time: 00:01:53

Health: -4/22      AC:  4    Str:  9    XL:     4   Next: 1%
Magic:  4/4        EV: 14    Int: 13    God:    Xom [*.....]
Gold:   60         SH:  0    Dex: 15    Spells: 3/3 levels left

rFire    . . .     SeeInvis .   a - +0 spear (chaos)
rCold    . . .     Gourm    .   (shield restricted)
rNeg     . . .     Faith    .   b - +2 leather armour
rPois    .         Spirit   .   (no helmet)
rElec    .         Reflect  .   (no cloak)
rCorr    .         Harm     .   (no gloves)
MR       .....                  k - +0 pair of boots
Stlth    +.........             (no amulet)
Regen    0.1/turn               (no ring)
MPRegen  0.1/turn               (no ring)

@: no status effects
A: hooves 1, carnivore 3, deformed body, frail 2, screaming 1
a: Renounce Religion


You were on level 2 of the Abyss.
You worshipped Xom.
You were a special plaything of Xom.
You were very full.

You visited 1 branch of the dungeon, and saw 1 of its levels.
You visited the Abyss 1 time.

You collected 60 gold pieces.

Inventory:

Hand Weapons
 a - a +0 spear of chaos (weapon)
 m - a +2 dagger of venom
Armour
 b - a +2 leather armour (worn)
 k - a +0 pair of boots (worn)
Jewellery
 g - an uncursed ring of protection from fire {unknown}
Wands
 d - a wand of random effects (10/48)
Scrolls
 h - a scroll of teleportation {unknown}
Potions
 e - a potion of resistance {unknown}
 i - 2 potions of curing
 j - a potion of might {unknown}
 l - a potion of flight {unknown}
Comestibles
 c - a meat ration


   Skills:
 - Level 3.2 Fighting
 + Level 3.8 Polearms
 - Level 0.7 Armour
 - Level 2.4 Dodging


You had 3 spell levels left.
You didn't know any spells.

Dungeon Overview and Level Annotations

Branches:
Dungeon (1/15)

Altars:


Innate Abilities, Weirdness & Mutations

You are small and have problems with some larger weapons.
You are carnivorous and can eat meat at any time.
You have large cloven feet.
Armour fits poorly on your strangely shaped body.
You are very frail. (-20% HP)
You occasionally shout uncontrollably at your foes.


Message History

As you read the scroll labeled ASSUOC PIFUJI, it crumbles to dust.
It is a scroll of recharging.
You aren't carrying any rechargeable items.
The black mamba zombie bites you!
Ouch! That really hurt!
* * * LOW HITPOINT WARNING * * *
The neqoxec gestures.
The black mamba zombie closely misses you.
As you read the scroll labeled DIAKHY QOUBAI, it crumbles to dust.
You feel blessed for a moment.
It was a scroll of remove curse.
The black mamba zombie bites you!
You die... "Hey, things were just getting interesting!"
Xom revives you!
The black mamba zombie closely misses you.
You see here a wand of random effects (?/48).
d - a wand of random effects (?/48)
The black mamba zombie bites you.
You die...
Xom thinks this is hilarious!

#. #... . .# . #....#
#.## #.###### ## # #.
#.. #.##≈≈≈≈≈≈≈≈ ...
###.##.3.#≈≈≈ ≈≈≈#
.## #......
#≈5≈≈≈≈≈≈3≈##
#.#...##≈5≈≈≈≈3≈≈...#
#....35≈≈≈≈≈≈ ....#
#..@Z#≈≈≈≈≈≈≈≈≈.≈. .
#.....≈≈≈≈≈≈≈≈≈.#.#
#.....##≈≈≈≈≈≈≈≈#.##
#####.##≈≈≈≈≈♣≈≈.
#.##.[≈≈≈≈≈≈# #.#
#≈≈≈≈≈≈ .#. ...... #
# ....


You could see a neqoxec, a quasit, a white imp, a shadow imp and a black mamba
zombie.

Vanquished Creatures
  An adder (D:1)
  A dart slug (D:1)
  3 leopard geckos (D:1)
  2 ball pythons (D:1)
  5 bats (D:1)
  4 giant cockroaches (D:1)
  A goblin (D:1)
  2 hobgoblins (D:1)
  3 frilled lizards (D:1)
  7 kobolds (D:1)
  5 rats (D:1)
34 creatures vanquished.

Vanquished Creatures (collateral kills)
  A goblin (D:1)
1 creature vanquished.

Grand Total: 35 creatures vanquished

Notes
Turn   | Place    | Note
-------+----------+-------------------------------------------
     0 | D:1      | M4edhros the Kobold Chaos Knight began the quest for the Orb.
     0 | D:1      | Reached XP level 1. HP: 14/14 MP: 1/1
   144 | D:1      | Reached XP level 2. HP: 15/19 MP: 2/2
   321 | D:1      | Reached XP level 3. HP: 22/23 MP: 3/3
   642 | D:1      | XOM: silly message
   884 | D:1      | XOM: harmless Summ miscast
  1493 | D:1      | XOM: mild Tloc miscast
  2640 | D:1      | XOM is BORED!
  2640 | D:1      | XOM: medium Ice miscast
  3042 | D:1      | XOM: give mutations
  3042 | D:1      | Gained mutation: You occasionally shout uncontrollably at your foes. [Xom's mischief]
  3042 | D:1      | Gained mutation: You have large cloven feet. [Xom's mischief]
  3042 | D:1      | Gained mutation: Armour fits poorly on your strangely shaped body. [Xom's mischief]
  3042 | D:1      | Gained mutation: You are frail. (-10% HP) [Xom's mischief]
  3884 | D:1      | Reached XP level 4. HP: 25/25 MP: 4/4
  3952 | D:1      | XOM: severe Tloc miscast
  3952 | D:1      | Cast into level 2 of the Abyss (the severe capriciousness of Xom)
  3995 | Abyss:2  | Noticed a raiju
  4002 | Abyss:2  | Noticed a neqoxec
  4002 | Abyss:2  | XOM: enchant monster (good)
  4012 | Abyss:2  | Noticed a neqoxec
  4012 | Abyss:2  | Noticed a black mamba zombie
  4012 | Abyss:2  | Gained mutation: You are very frail. (-20% HP) [a neqoxec]
  4023 | Abyss:2  | Xom revived you
  4025 | Abyss:2  | Slain by a black mamba zombie

Vault maps used:
D:1:      dpeg_arrival_tiny_d

Skill      XL: |  1  2 |
---------------+-------+-----
Polearms       | 3 |  3.8
Fighting       | |  3.2
Armour         | |  0.7
Dodging        | |  2.4

Action                   |  1- 3 |  4- 6 || total
-------------------------+-------+-------++-------
Melee: Spear             |    99 |       ||    99
  Use: Scroll            |       |     2 ||     2
       Potion            |       |     1 ||     1
 Stab: Sleeping          |     3 |       ||     3
       Paralysed         |     1 |       ||     1
  Eat: Chunk             |    12 |     4 ||    16
Armor: Leather armour    |    23 |       ||    23
Dodge: Dodged            |    49 |     7 ||    56
